 Dungeon Crawl Stone Soup version 0.22-a0-429-g97ce8ef (webtiles) character file.

126 lolwat the Slasher (level 4, -1/33 HPs)
             Began as a Demonspawn Gladiator on May 25, 2018.
             Killed by divine providence
             ... invoked by an orc priest
              (12 damage)
             ... on level 3 of the Dungeon.
             The game lasted 00:06:43 (1708 turns).

lolwat the Slasher (Demonspawn Gladiator)           Turns: 1708, Time: 00:06:44

Health: -1/33      AC: 11    Str: 15    XL:     4   Next: 84%
Magic:  4/4        EV: 17    Int:  9    God:
Gold:   168        SH:  5    Dex: 20    Spells: 3/3 levels left

rFire    . . .     SeeInvis .   a - +0 long sword
rCold    . . .     Gourm    .   k - +1 buckler
rNeg     . . .     Faith    .   r - +0 ring mail
rPois    .         Spirit   .   c - +0 helmet
rElec    .         Reflect  .   e - +2 cloak
rCorr    .         Harm     .   (no gloves)
MR       .....                  (no boots)
Stlth    ++........             (no amulet)
HPRegen  0.11/turn              (no ring)
MPRegen  0.09/turn              (no ring)

@: agile, hasted and slowed
A: molten scales 1
a: no special abilities


You were on level 3 of the Dungeon.
You were hungry.

You visited 1 branch of the dungeon, and saw 3 of its levels.

You collected 168 gold pieces.

Inventory:

Hand Weapons
 a - a +0 long sword (weapon)
Missiles
 d - 4 throwing nets (quivered)
Armour
 b - a +0 leather armour
 c - a +0 helmet (worn)
 e - a +2 cloak (worn)
 k - a +1 buckler (worn)
 r - a +0 ring mail (worn)
Scrolls
 j - a scroll of remove curse
 o - 2 scrolls of blinking
Potions
 p - a potion of degeneration {unknown}
 q - a potion of resistance {unknown}
 s - a potion of mutation {unknown}
 t - a potion of curing {unknown}
Comestibles
 f - 6 rations


   Skills:
 + Level 2.2 Fighting
 * Level 4.1 Long Blades
 - Level 2.1 Throwing
 + Level 0.5 Armour
 + Level 3.3 Dodging
 - Level 0.1 Stealth
 * Level 0.8 Shields


You had 3 spell levels left.
You didn't know any spells.
Your spell library was empty.

Dungeon Overview and Level Annotations

Branches:
Dungeon (3/15)

Altars:
Elyvilon
Qazlal
Xom


Innate Abilities, Weirdness & Mutations

You are partially covered in molten scales. (AC +2)


Message History

Beogh smites you!
The orc wizard hits you but does no damage.
You are too injured to fight recklessly!
You are too injured to fight recklessly!
You are too injured to fight recklessly!
You are too injured to fight recklessly!
You are too injured to fight recklessly!
You are too injured to fight recklessly!
You are too injured to fight recklessly!
You are too injured to fight recklessly!
Unknown command.
It was a potion of haste.
You feel yourself speed up. The orc barely misses you.
The orc wizard hits you but does no damage.
The orc hits you.
It was a potion of agility.
You feel agile all of a sudden.
The orc priest invokes the aid of Beogh against you.
Beogh smites you!
You die...

#.#####,**,*,,*,*,,,*
####.#.###.##.#,,*,*,,,*
###<..........#.#,,*,*,,,*
.......########.###*,*,,,*
#####.............,,,,,,,*
#...#######.####.#*,,*******
#.)..............*,,,,,,,,,*
#####.#รท.........#######,****,**
........).....>o@oo.....,**,,,*
#####.#.#####.##########***,****
#.#...#.....,,,,,,,,,,,,,,,*
#.#<#.#.#.###**********,*,**
#.#.#.#.#.# *,,,,*
****#.#.#.#,#.# ******
,,,,#.#.#.#,#.# ***,#.#.#.#,#.#
***,*,#.#.#,*,*


You could see an orc priest, an orc wizard and an orc.

Vanquished Creatures
  6 adders
  2 oozes
  3 worms
  2 dart slugs (D:2)
  3 leopard geckos
  An orc (D:3)
  3 giant cockroaches
  6 goblins
  6 hobgoblins
  2 quokkas
  A ball python (D:3)
  4 bats
  2 frilled lizards
  A kobold (D:3)
  9 rats
51 creatures vanquished.

Notes
Turn   | Place    | Note
-------+----------+-------------------------------------------
     0 | D:1      | lolwat the Demonspawn Gladiator began the quest for the Orb.
     0 | D:1      | Reached XP level 1. HP: 16/16 MP: 1/1
   227 | D:1      | Gained mutation: You are partially covered in molten scales. (AC +2) [demonic ancestry]
   227 | D:1      | Reached XP level 2. HP: 17/22 MP: 2/2
   284 | D:1      | Reached skill level 3 in Long Blades
   758 | D:2      | Reached XP level 3. HP: 27/27 MP: 3/3
   848 | D:2      | Found a stormy altar of Qazlal.
   850 | D:2      | Found a shimmering altar of Xom.
  1082 | D:2      | Found a white marble altar of Elyvilon.
  1189 | D:2      | Reached XP level 4. HP: 33/33 MP: 4/4
  1447 | D:3      | Reached skill level 4 in Long Blades
  1708 | D:3      | Killed from afar by an orc priest

Vault maps used:
D:1:      dpeg_arrival_refuge
D:2:      nicolae_overflow_hidden_temple, elyvilon_altar_1, serial_park_tiny_2,
          st_stairs_7, hex_tiny, minmay_misc_feat_four_crosses,
          kennysheep_generic_room_12
D:3:      first_ration, uniq_sigmund

Skill      XL: |  1  2  3  4 |
---------------+-------------+-----
Throwing       | 2 |  2.1
Long Blades    | 3 4 |  4.1
Dodging        | 3 |  3.3
Fighting       | |  2.2
Armour         | |  0.5
Stealth        | |  0.1
Shields        | |  0.8

Action                   |  1- 3 |  4- 6 || total
-------------------------+-------+-------++-------
Melee: Long sword        |    92 |    76 ||   168
  Use: Scroll            |       |     5 ||     5
       Potion            |       |     2 ||     2
 Stab: Sleeping          |     3 |       ||     3
  Eat: Chunk             |       |     2 ||     2
Armor: Leather armour    |    33 |    13 ||    46
       Ring mail         |       |    26 ||    26
Dodge: Dodged            |    58 |    57 ||   115
Block: Buckler           |     5 |    22 ||    27
       Rpst.: Long sword |    21 |    16 ||    37

Table legend:
 A = Spawn XP
 B = Non-spawn XP
 C = Spawn XP percentage of total XP
 D = Spawn monster count
 E = Non-spawn monster count
 F = Spawn count percentage of total count
 G = Total turns spent on level
                    A         B        C        D         E        F      G
               +---------+---------+-------+---------+---------+-------+---------
         Total |       0 |     181 |   0.0 |       0 |      51 |   0.0 |  1708
               +---------+---------+-------+---------+---------+-------+---------
           D:1 |       0 |      29 |   0.0 |       0 |      14 |   0.0 |   544
           D:2 |       0 |      89 |   0.0 |       0 |      22 |   0.0 |   837
           D:3 |       0 |      63 |   0.0 |       0 |      15 |   0.0 |   327
               +---------+---------+-------+---------+---------+-------+---------
